 Dungeon Sprint DCSS version 0.27.1-2-g3b301248ec (webtiles) character file.

Game seed: 5451300771111903560

7340 styxcanada the Imperceptible (level 10, -26/55 HPs)
             Began as a Spriggan Brigand on Sept 25, 2021.
             Was an Initiate of Gozag.
             Annihilated by a spriggan berserker (30 damage)
             ... in the Dungeon (Sprint IV: "Fedhas' Mad Dash").
             The game lasted 00:10:25 (1200 turns).

styxcanada the Imperceptible (Spriggan Brigand)     Turns: 1200, Time: 00:10:26

Health: -26/55     AC:  7    Str:  7    XL:     10   Next: 91%
Magic:  19/20      EV: 26    Int: 12    God:    Gozag
Gold:   1466       SH:  8    Dex: 21    Spells: 17/21 levels left

rFire    + . .     SeeInvis +   a - +3 dagger (protect)
rCold    + . .     Faith    .   n - +0 buckler
rNeg     . . .     Spirit   .   q - +0 robe {rC+ rF+}
rPois    .         Reflect  .   (helmet restricted)
rElec    .         Harm     .   c - +0 cloak
rCorr    .         Rampage  .   (gloves unavailable)
Will     +....     NoTele   +   (boots unavailable)
Stlth    +++++++++.             l - amulet of invisibility {+Inv}
HPRegen  0.18/turn              m - +4 ring of protection
MPRegen  0.17/turn              (no ring)

@: very slightly contaminated, invisible, very quick
A: very small, no large weapons, unfitting armour, see invisible, speed 3
a: Renounce Religion, Evoke Invisibility, Potion Petition, Call Merchant, Bribe
Branch


You were in the Dungeon.
You worshipped Gozag.
Gozag was most pleased with you.
You visited 1 branch You collected 2418 gold pieces.
You spent 952 gold pieces at shops.

Inventory:

Hand Weapons
 a - a +3 dagger of protection (weapon)
Missiles
 d - 6 poisoned darts (quivered)
 e - 2 curare-tipped darts
 s - 17 stones
Armour
 c - a +0 cloak (worn)
 n - a +0 buckler (worn)
 p - a +2 robe of willpower
 q - a +0 robe of resistance (worn)
Jewellery
 l - the amulet of invisibility (around neck) {+Inv}
   (You found it in the Dungeon)

   [amulet of nothing]

   +Inv:      It lets you turn invisible.
 m - a +4 ring of protection (left hand)
Scrolls
 k - a scroll of blinking
 t - a scroll of amnesia
 v - a scroll of identify
 w - a scroll of summoning
Potions
 b - a potion of lignification
 f - 3 potions of curing
 g - 2 potions of heal wounds
 h - a potion of haste
 i - 2 potions of magic
 j - a potion of berserk rage
 o - a potion of might


   Skills:
 * Level 7.2 Fighting
 + Level 6.4 Short Blades
 + Level 3.9 Throwing
 * Level 11.2 Dodging
 * Level 24.7 Stealth
 * Level 3.7 Shields
 * Level 6.0 Spellcasting
 * Level 6.0 Hexes
 * Level 13.7 Evocations


You had 17 spell levels left.
You knew the following spells:

 Your Spells              Type           Power      Damage    Failure   Level
a - Cause Fear            Hex            9%         N/A       19%         4

Your spell library contained the following spells:

 Spells                   Type           Power      Damage    Failure   Level
 Slow                     Hex            18%        N/A       3%          2
 Confusing Touch          Hex            18%        N/A       6%          3
 Vampiric Draining        Necr           1%         2d6       56%         3
 Dragon Form              Tmut           1%         N/A       100%        7
 Dragon's Call            Summ           1%         N/A       100%        9


Dungeon Overview and Level Annotations

Branches:
Dungeon (1/1)

Altars:
Cheibriados
Dithmenos
Elyvilon
Gozag
Hepliaklqana
Kikubaaqudgha
Makhleb
Nemelex Xobeh
Okawaru
Qazlal
Ru
Sif Muna
Trog
Uskayaw
Vehumet
Wu Jian
Xom
Yredelemnul
Zin
The Shining One
Beogh
Jiyva
Lugonu

Shops:
D ![[([[*?


Innate Abilities, Weirdness & Mutations

You are very small and have problems with some larger weapons.
You are too small for most types of armour.
You have supernaturally acute eyesight. (SInv)
You cover ground extremely quickly. (Speed+++)


Message History

Your Dodging skill increases to level 11!
Your Stealth skill increases to level 24!
Your Spellcasting skill increases to level 6!
Your Hexes skill increases to level 6!
The spriggan berserker shouts!
The spriggan berserker is distracted by your dazzling golden aura.
The spriggan berserker is no longer distracted by gold.
The spriggan berserker hits you with a +0 hand axe!
You barely miss the spriggan berserker.
The spriggan berserker barely misses you.
You hit the spriggan berserker.
The spriggan berserker is lightly wounded.
The spriggan berserker mumbles some strange prayers to Trog.
The spriggan berserker goes berserk!
Throw: 8 darts (poison)
Press: ? - help, Q - select action, (/) - cycle Shift-Dir - straight line, f - spriggan berserker
Aim: a spriggan berserker, wielding a +0 hand axe and wearing a +0 animal skin (lightly wounded, berserk, 42% to hit)
You throw a poisoned dart.
The poisoned dart hits the spriggan berserker.
The spriggan berserker is poisoned.
The spriggan berserker is lightly wounded.
The spriggan berserker is distracted by your dazzling golden aura.
Throw: 7 darts (poison)
Press: ? - help, Q - select action, (/) - cycle Shift-Dir - straight line, f/p - spriggan berserker
Aim: a spriggan berserker, wielding a +0 hand axe and wearing a +0 animal skin (lightly wounded, berserk, unaware, poisoned, hasn't noticed you, 42% to hit)
You throw a poisoned dart.
The poisoned dart hits the spriggan berserker.
The spriggan berserker looks even sicker.
The spriggan berserker is no longer distracted by gold.
The spriggan berserker shouts!
The spriggan berserker is lightly wounded.
The spriggan berserker hits you with a +0 hand axe!!!
Ouch! That really hurt!
* * * LOW HITPOINT WARNING * * *
The spriggan berserker rages.
There is an open door here.
The spriggan berserker hits you with a +0 hand axe!!
Ouch! That really hurt!
You die...
Your body crumbles into a pile of gold.

#################################
..#.⌠._._._._.⌠.#..'.))#....##∩##
..'.._._._._._..'..#...#....'.|##
..#..._._._._...#..###'##...##∩#.
'##.._._._._._..#.(##∩∩.'...#####
..#._._._._._.⌠.#################
..###################.....(###...
###♣♣♣♣♣..♣)###.@..'......('.'..)
)'......♣..♣##..#i.#.P.....######
.#♣..♣♣♣.♣).###.##'##.P....#
.#.♣♣..♣...♣'...#♣.♣########
###*#############.....####
,,,,,,,,* ###..♣..♣....#**
,,,,,,,,*####.(.♣......♣..,****
,,,,,,,,.........♣.$...∩.∩,,,,*
,,,,,,,,..################*****


You could see a spriggan berserker (berserk, very poisoned).

Vanquished Creatures
  Agnes (D)
  A spriggan druid (D)
  6 oklob plants (D)
  A demonic crawler (D)
  3 burning bushes (D)
  3 wandering mushrooms (D)
  A queen bee (D)
  A hornet (D)
  3 scorpions (D)
  4 killer bees (D)
  5 oklob saplings (D)
  5 spriggans (D)
  A river rat (D)
  A rat (D)
  A ballistomycete spore (D)
37 creatures vanquished.

Notes
Turn   | Place    | Note
-------+----------+-------------------------------------------
     0 | D        | styxcanada the Spriggan Brigand began the quest for the
                  | Orb.
     0 | D        | Reached XP level 1. HP: 10/10 MP: 2/2
     9 | D        | Reached skill level 7 in Stealth
     9 | D        | Reached XP level 2. HP: 15/15 MP: 3/3
    15 | D        | Noticed an oklob sapling
    17 | D        | Killed an oklob sapling
    18 | D        | Reached skill level 9 in Stealth
    18 | D        | Reached XP level 3. HP: 18/18 MP: 4/4
    19 | D        | Noticed a scorpion
    19 | D        | Found the amulet of invisibility {+Inv}
    21 | D        | Killed a scorpion
    22 | D        | Reached skill level 12 in Stealth
    22 | D        | Reached XP level 4. HP: 23/23 MP: 5/5
    43 | D        | Found an opulent altar of Gozag.
    43 | D        | Found a hazy altar of Hepliaklqana.
    43 | D        | Found a burning altar of Makhleb.
    43 | D        | Found a sparkling altar of Nemelex Xobeh.
    43 | D        | Found a snail-covered altar of Cheibriados.
    43 | D        | Found a sacrificial altar of Ru.
    43 | D        | Found a shimmering blue altar of Sif Muna.
    43 | D        | Found a shimmering altar of Xom.
    43 | D        | Found a basalt altar of Yredelemnul.
    44 | D        | Found a viscous altar of Jiyva.
    44 | D        | Found a bloodstained altar of Trog.
    44 | D        | Found an ornate altar of the Wu Jian Council.
    45 | D        | Found an iron altar of Okawaru.
    45 | D        | Found a shadowy altar of Dithmenos.
    45 | D        | Found a glowing silver altar of Zin.
    46 | D        | Found an ancient bone altar of Kikubaaqudgha.
    46 | D        | Found a hide-covered altar of Uskayaw.
    47 | D        | Found a stormy altar of Qazlal.
    47 | D        | Found a white marble altar of Elyvilon.
    47 | D        | Found a glowing golden altar of the Shining One.
    48 | D        | Became a worshipper of Gozag Ym Sagoz the Greedy
    49 | D        | Found a corrupted altar of Lugonu.
    49 | D        | Found a radiant altar of Vehumet.
    53 | D        | Reached skill level 13 in Stealth
    53 | D        | Reached skill level 1 in Evocations
    53 | D        | Reached XP level 5. HP: 28/28 MP: 3/6
    71 | D        | Reached skill level 14 in Stealth
   264 | D        | Reached skill level 5 in Dodging
   265 | D        | Reached skill level 15 in Stealth
   267 | D        | Reached XP level 6. HP: 33/33 MP: 4/7
   294 | D        | Found Miez's Antique Armour Shop.
   294 | D        | Found Timem's Distillery.
   300 | D        | Bought a potion of might for 48 gold pieces
   300 | D        | Bought a potion of heal wounds for 60 gold pieces
   300 | D        | Bought a potion of curing for 36 gold pieces
   300 | D        | Bought a potion of curing for 36 gold pieces
   301 | D        | Bought an embroidered robe for 96 gold pieces
   301 | D        | Bought a glowing robe for 96 gold pieces
   323 | D        | Noticed a burning bush
   323 | D        | Noticed a wandering mushroom
   324 | D        | Noticed a wandering mushroom
   327 | D        | Killed a burning bush
   328 | D        | Reached skill level 17 in Stealth
   328 | D        | Reached skill level 5 in Evocations
   328 | D        | Reached XP level 7. HP: 38/38 MP: 5/8
   329 | D        | Killed a wandering mushroom
   330 | D        | Reached skill level 18 in Stealth
   331 | D        | Killed a wandering mushroom
   332 | D        | Reached skill level 5 in Short Blades
   332 | D        | Reached skill level 19 in Stealth
   343 | D        | Reached skill level 5 in Fighting
   463 | D        | Found Itronigg's Armour Emporium.
   464 | D        | Found Idghusuf's Armour Shoppe.
   514 | D        | Noticed a queen bee
   521 | D        | Killed a queen bee
   522 | D        | Reached XP level 8. HP: 43/43 MP: 7/9
   527 | D        | Reached skill level 20 in Stealth
   687 | D        | Noticed an oklob plant
   690 | D        | Killed an oklob plant
   703 | D        | Noticed a burning bush
   706 | D        | Killed a burning bush
   707 | D        | Reached skill level 21 in Stealth
   707 | D        | Reached skill level 10 in Evocations
   724 | D        | Learned a level 4 spell: Cause Fear
   764 | D        | Noticed a burning bush
   764 | D        | Noticed an oklob plant
   765 | D        | Noticed a wandering mushroom
   766 | D        | Killed a burning bush
   767 | D        | Reached skill level 1 in Spellcasting
   767 | D        | Reached skill level 1 in Hexes
   767 | D        | Reached XP level 9. HP: 48/48 MP: 7/11
   772 | D        | Killed an oklob plant
   773 | D        | Reached skill level 1 in Shields
   775 | D        | Killed a wandering mushroom
   776 | D        | Reached skill level 22 in Stealth
   871 | D        | Noticed a spriggan druid
   873 | D        | Killed a spriggan druid
   924 | D        | Noticed an oklob plant conjurer
   925 | D        | Killed an oklob plant conjurer
   926 | D        | Reached skill level 10 in Dodging
   980 | D        | Noticed an oklob plant
   980 | D        | Noticed an oklob plant summoner
   981 | D        | Noticed an oklob plant shifter
   987 | D        | Killed an oklob plant
   988 | D        | Reached XP level 10. HP: 53/53 MP: 13/17
   989 | D        | Killed an oklob plant summoner
   990 | D        | Reached skill level 23 in Stealth
   991 | D        | Killed an oklob plant shifter
  1073 | D        | Noticed a spriggan rider
  1074 | D        | Found Xylastrae's General Store.
  1078 | D        | Found Monaf's Magic Scroll Shoppe.
  1082 | D        | Killed a spriggan rider
  1083 | D        | Reached skill level 5 in Spellcasting
  1083 | D        | Reached skill level 5 in Hexes
  1107 | D        | Bought a scroll of brand weapon for 280 gold pieces
  1107 | D        | Bought a scroll of identify for 28 gold pieces
  1109 | D        | Bought a scroll of identify for 26 gold pieces
  1109 | D        | Bought a scroll of identify for 26 gold pieces
  1109 | D        | Bought a scroll of summoning for 123 gold pieces
  1109 | D        | Bought a scroll of enchant weapon for 97 gold pieces
  1181 | D        | Noticed Agnes
  1183 | D        | Found Xumichist's Antique Armour Emporium.
  1183 | D        | Noticed a spriggan berserker
  1185 | D        | Found Wybiwyi's Weapon Shoppe.
  1187 | D        | Killed Agnes
  1188 | D        | Reached skill level 24 in Stealth
  1200 | D        | Annihilated by a spriggan berserker

Illustrated notes

Levels and vault maps discovered:
D:        dungeon_sprint_fedhas [sprint_temple]

Skill      XL: |  1  2  3  4  5  6  7  8  9 10 |
---------------+-------------------------------+-----
Dodging        | 2 3 4 5 6 8 9 10 11 | 11.2
Stealth        | 7 9 12 13 15 17 19 21 22 24 | 24.7
Fighting       | 2 3 4 5 6 7 |  7.2
Short Blades   | 3 4 5 6 |  6.4
Evocations     | 1 3 5 7 10 12 13 | 13.7
Throwing       | 3 |  3.9
Spellcasting   | 1 4 6 |  6.0
Hexes          | 1 4 6 |  6.0
Shields        | 2 3 |  3.7

Action                   |  1- 3 |  4- 6 |  7- 9 | 10-12 || total
-------------------------+-------+-------+-------+-------++-------
Melee: Dagger            |     4 |    10 |    23 |     9 ||    46
Throw: Dart              |       |       |     4 |     2 ||     6
 Abil: Evoke Invisibilit |       |     4 |     7 |     2 ||    13
  Use: Scroll            |       |       |     2 |     4 ||     6
 Stab: Sleeping          |     3 |     4 |    15 |     7 ||    29
       Invisible         |       |     2 |     6 |       ||     8
Armor: Robe              |       |       |     1 |       ||     1
Dodge: Dodged            |     1 |     2 |     4 |     1 ||     8
Block: Buckler           |       |       |     1 |       ||     1
